 Dungeon Crawl Stone Soup version 0.31-a0-1183-gd88bbb8b4d (webtiles) character file.

Game seed: 10738430811320732960

10364 qw the Skirmisher (level 11, -1/72 HPs)
             Began as a Gargoyle Hunter on Dec 11, 2023.
             Was a High Priest of Okawaru.
             Slain by a cane toad (11 damage)
             ... on level 2 of the Lair of Beasts.
             The game lasted 00:04:11 (9297 turns).

qw the Skirmisher (Gargoyle Hunter)                 Turns: 9297, Time: 00:04:11

Health: -1/72      AC: 20    Str: 14    XL:     11   Next: 61%
Magic:  14/16      EV: 14    Int: 11    God:    Okawaru [*****.]
Gold:   112        SH:  0    Dex: 17    Spells: 10/10 levels left

rFire   . . .        l - +1 orcbow
rCold   . . .        (shield currently unavailable)
rNeg    + . .        c - +1 steam dragon scales
rPois   inf          e - +1 helmet
rElec   +            m - +2 cloak of the Thief {*Fog Slay-2 SInv Stlth+}
rCorr   +            (no gloves)
SInv    +            (no boots)
Will    .....        b - amulet of faith
Stlth   +++          g - ring of resist corrosion
HPRegen 0.32/turn    (no ring)
MPRegen 0.15/turn

%: faith
@: finesse-ful
A: sickness immunity, AC +8, negative energy resistance 1, electricity
resistance, torment resistance 1, petrification resistance
a: Renounce Religion, Heroism, Finesse, Duel


You were on level 2 of the Lair of Beasts.
You worshipped Okawaru.
Okawaru was extremely pleased with you.
You visited 3 branches of the dungeon, and saw 13 of its levels.

You collected 680 gold pieces.
You spent 568 gold pieces at shops.


Innate Abilities, Weirdness & Mutations

You are immune to sickness and miasma.
Your stone body is resilient. (AC +8)
You are immune to poison.
You resist negative energy. (rN+)
You are resistant to electric shocks. (rElec)
You are resistant to unholy torment.
You are immune to petrification.


   Skills:
 - Level 10.2 Fighting
 + Level 14.2 Ranged Weapons
 - Level 4.1 Armour
 - Level 5.0 Dodging
 - Level 1.1 Stealth
 + Level 7.9 Invocations


You had 10 spell levels left.
You didn't know any spells.
Your spell library was empty.

Inventory:

Hand Weapons
 l - a +1 orcbow (weapon)
Armour
 c - +1 steam dragon scales (worn)
 e - a +1 helmet (worn)
 m - the +2 cloak of the Thief (worn) {*Fog Slay-2 SInv Stlth+}
   (You bought it in a shop on level 9 of the Dungeon)

   *Fog:      It may release a thick cloud of smoke when the wearer is hurt.
   Slay-2:    It affects your accuracy & damage with ranged weapons and melee
   (-2).
   SInv:      It lets you see invisible.
   Stlth+:    It makes you more stealthy.
Jewellery
 b - an amulet of faith (around neck)
 f - a ring of fire
 g - a ring of resist corrosion (left hand)
 k - a ring of fire
Wands
 a - a wand of paralysis (3)
 d - a wand of quicksilver (2)
Potions
 h - a potion of might
 i - a potion of haste {unknown}
 j - a potion of resistance
 n - a potion of enlightenment
 p - a potion of lignification {unknown}
 r - 2 potions of curing

Dungeon Overview and Level Annotations

Branches:
Dungeon (9/15)             Temple (1/1) D:6            Lair (3/5) D:9
 Spider (0/4) Lair:2
  Swamp: Lair:2-3    Shoals: Lair:2-3       Orc: D:9-12

Altars:
Ashenzari
Cheibriados
Dithmenos
Fedhas
Gozag
Hepliaklqana
Kikubaaqudgha
Makhleb
Nemelex Xobeh
Okawaru
Qazlal
Ru
Sif Muna
Trog
Uskayaw
Vehumet
Wu Jian
Xom
Yredelemnul
Zin
The Shining One

Shops:
D:4 ?   D:9 [*

Annotations:
D:8 1 runed translucent door, qw's ghost, novice MiHs


Message History

The arrow hits the cane toad but does no damage.
The cane toad is almost dead.
The wolf closely misses you.
The blink frog blinks!
You shoot an arrow. The arrow barely misses the cane toad.
You hear a howl!
The cane toad stings you! The wolf bites you but does no damage.
You shoot an arrow. The arrow hits the cane toad.
The cane toad is almost dead.
You shoot an arrow. The arrow closely misses the cane toad.
You hear a howl!
The wolf misses you. The cane toad barely misses you.
You shoot an arrow. The arrow barely misses the cane toad.
A wolf comes into view.
The wolf bites you but does no damage.
Enter note:
Enter note:
Enter note:
Enter note:
9292 ||| Stepping ~*~*~tactically~*~*~ (retreating).
The blink frog blinks!
The cane toad closely misses you.
You shoot an arrow. The wolf howls!
The arrow hits the cane toad but does no damage.
The cane toad is almost dead.
You shoot an arrow. The arrow hits the cane toad.
The cane toad is almost dead.
The cane toad stings you!
You shoot an arrow. The arrow hits the cane toad.
The cane toad is almost dead.
You hear a howl!
The blink frog blinks!
You shoot an arrow.
The arrow hits the cane toad but does no damage.
The cane toad is almost dead.
9297 ||| Stepping ~*~*~tactically~*~*~ (retreating).
The wolf bites you.
The cane toad attacks as it pursues you!
The cane toad stings you. The wolf closely misses you.
The blink frog completely misses you. The cane toad stings you!
You die...

###.#####..##.##...#
##########..# ..
##.######.##.# ##..
............## ..F
#.#..#..#...#### .##...
##..#......###.## ....#.
#.PP...#.#...##.##
......####.F...............
#.......##@h.#.##...#P##..#
#%.%hF.###.####.#######
#...##ยค#####...#...# ###..
#...~###%#.##.......###.>..
~~~~~~..Fhh###.P.#PP.....#.
~~~~~~~##.##P.#..^.......#
####~~~##..##.............
##~~....#......P.###...
#~~...F##........####.


You could see a cane toad, a blink frog and 2 wolves.

Vanquished Creatures
  A two-headed ogre (D:9)
  A pharaoh ant (Lair:2)
  2 black mambas (Lair:1)
  3 cane toads
  A gargoyle (D:9)
  A polar bear (Lair:1)
  Grinder (D:3)
  A blink frog (Lair:2)
  A tarantella (Lair:2)
  Prince Ribbit (D:5)
  2 wraiths
  8 yaks
  2 steam dragons
  2 water moccasins
  An acid dragon (D:8)
  An orc warrior (D:6)
  Duvessa (D:7)
  2 black bears
  2 ice beasts
  3 ogres
  3 wolves (Lair:2)
  8 centaurs
  4 kobold brigands
  A gnoll sergeant (D:9)
  7 bullfrogs
  7 scorpions
  6 wights
  Dowan (D:7)
  9 killer bees
  5 hounds
  5 jellies
  4 iguanas
  Terence (D:2)
  2 orc wizards
  5 gnolls (D:9)
  9 adders
  A shadow imp (D:7)
  2 white imps
  An ufetubus (D:6)
  2 worms (D:4)
  2 dart slugs
  17 orcs
  7 endoplasms
  3 giant cockroaches
  6 goblins
  10 hobgoblins
  2 jackals (D:1)
  2 quokkas
  6 ball pythons
  8 bats
  A frilled lizard (D:2)
  15 kobolds
  5 rats
204 creatures vanquished.

Notes
Turn   | Place    | Note
-------+----------+-------------------------------------------
     0 | D:1      | qw the Gargoyle Hunter began the quest for the Orb.
     0 | D:1      | Reached XP level 1. HP: 12/12 MP: 1/1
     0 | D:1      | 0 ||| qw: Version: 0.3-a-106-g2cfff9e
     0 | D:1      | 0 ||| qw: Game counter: 2083
     0 | D:1      | 0 ||| qw: Melee chars always use a shield: true
     0 | D:1      | 0 ||| qw: God list: Okawaru
     0 | D:1      | 0 ||| qw: Allow faded altars: false
     0 | D:1      | 0 ||| qw: Do Orc after clearing Dungeon:15 true
     0 | D:1      | 0 ||| qw: Do second Lair branch before Depths: true
     0 | D:1      | 0 ||| qw: Lair rune preference: random
     0 | D:1      | 0 ||| qw: Goals: Normal, Save, Zot:1-4, Win
     0 | D:1      | 0 ||| PLANNING D:1-11
   218 | D:1      | Reached XP level 2. HP: 17/17 MP: 2/2
   341 | D:1      | Found a faded altar of an unknown god.
   734 | D:1      | 734 ||| UPGRADING to +0 ring mail.
   744 | D:1      | 744 ||| DROPPING +0 leather armour.
   745 | D:1      | 745 ||| READING scroll labelled HAULOR DYJEC.
   745 | D:1      | 745 ||| ENCHANTING +0 shortbow.
   746 | D:1      | 746 ||| DROPPING scroll of butterflies.
   810 | D:2      | Found a hazy altar of Hepliaklqana.
   888 | D:2      | 888 ||| READING scroll of enchant weapon.
   888 | D:2      | 888 ||| ENCHANTING +1 shortbow.
   912 | D:2      | You fall into a shaft and drop 2 floors!
   958 | D:4      | Reached XP level 3. HP: 21/21 MP: 3/3
   988 | D:4      | 988 ||| UPGRADING to amulet of faith.
   993 | D:4      | 993 ||| READING scroll labelled SARPHU PIACW.
   998 | D:4      | 998 ||| DRINKING 2 metallic orange potions.
   998 | D:4      | Reached skill level 11 in Ranged Weapons
   998 | D:4      | Reached XP level 4. HP: 26/26 MP: 4/4
   999 | D:4      | 999 ||| DRINKING potion of experience.
   999 | D:4      | Reached XP level 5. HP: 42/42 MP: 5/5
  1000 | D:4      | 1000 ||| Stepping randomly (stuck).
  1093 | D:3      | Reached XP level 6. HP: 48/48 MP: 6/6
  1118 | D:3      | Noticed Grinder
  1128 | D:3      | Killed Grinder
  1175 | D:3      | Reached XP level 7. HP: 52/52 MP: 7/7
  1298 | D:3      | 1298 ||| READING scroll labelled GELUUKHLE FIVO.
  1637 | D:2      | Noticed Terence
  1640 | D:2      | Killed Terence
  1739 | D:2      | 1739 ||| UPGRADING to ring of resist corrosion.
  1787 | D:3      | Found a broken altar of Ashenzari.
  1974 | D:3      | 1974 ||| READING scroll of enchant weapon.
  1974 | D:3      | 1974 ||| ENCHANTING +2 shortbow.
  2030 | D:3      | 2030 ||| READING scroll labelled QAAFRA WIOFUAHU.
  2225 | D:4      | Found Pustri Gieh's Magic Scroll Shop.
  2229 | D:4      | 2229 ||| BUYING 3 scrolls of identify (78 gold).
  2229 | D:4      | Bought 3 scrolls of identify for 78 gold pieces
  2229 | D:4      | 2229 ||| BUYING scroll of enchant weapon (97 gold).
  2229 | D:4      | Bought a scroll of enchant weapon for 97 gold pieces
  2229 | D:4      | 2229 ||| BUYING scroll of identify (26 gold).
  2229 | D:4      | Bought a scroll of identify for 26 gold pieces
  2229 | D:4      | 2229 ||| BUYING scroll of identify (26 gold).
  2229 | D:4      | Bought a scroll of identify for 26 gold pieces
  2229 | D:4      | 2229 ||| SHOPLISTING scroll of identify (26 gold, have 11).
  2229 | D:4      | 2229 ||| READING scroll of enchant weapon.
  2229 | D:4      | 2229 ||| ENCHANTING +3 shortbow.
  2672 | D:4      | Identified the +4 spear "Waluixke" {drain, rElec Str+2}
  2673 | D:4      | 2673 ||| READING 6 scrolls of identify.
  2673 | D:4      | 2673 ||| IDENTIFYING dark potion
  2674 | D:4      | 2674 ||| READING 5 scrolls of identify.
  2674 | D:4      | 2674 ||| IDENTIFYING fizzy orange potion
  2675 | D:4      | 2675 ||| READING 4 scrolls of identify.
  2675 | D:4      | 2675 ||| IDENTIFYING pink potion
  2676 | D:4      | 2676 ||| READING 3 scrolls of identify.
  2676 | D:4      | 2676 ||| IDENTIFYING yellow potion
  2677 | D:4      | 2677 ||| READING 2 scrolls of identify.
  2677 | D:4      | 2677 ||| IDENTIFYING golden potion
  2678 | D:4      | 2678 ||| READING scroll of identify.
  2678 | D:4      | 2678 ||| IDENTIFYING emerald potion
  2679 | D:4      | 2679 ||| READING 2 scrolls labelled XOJOTALECO.
  2679 | D:4      | 2679 ||| BRANDING +4 shortbow.
  2680 | D:4      | 2680 ||| READING scroll of brand weapon.
  2680 | D:4      | 2680 ||| BRANDING +4 shortbow of draining.
  2681 | D:4      | 2681 ||| DRINKING 2 fizzy silvery potions.
  2682 | D:4      | 2682 ||| DROPPING potion of brilliance.
  2683 | D:4      | 2683 ||| DROPPING potion of invisibility.
  2684 | D:4      | 2684 ||| DROPPING potion of attraction.
  2685 | D:4      | 2685 ||| DROPPING potion of magic.
  2717 | D:5      | Entered Level 5 of the Dungeon
  2744 | D:5      | Reached skill level 3 in Dodging
  2761 | D:5      | Reached XP level 8. HP: 57/57 MP: 8/8
  2981 | D:5      | Noticed Prince Ribbit
  2990 | D:5      | Killed Prince Ribbit
  3091 | D:5      | 3091 ||| UPGRADING to +1 helmet.
  3096 | D:5      | 3096 ||| READING scroll labelled MITHRA ZAGI.
  3097 | D:5      | 3097 ||| READING scroll labelled PUGOIS KAIFOS.
  3229 | D:6      | Noticed a wraith
  3241 | D:6      | Killed a wraith
  3242 | D:6      | Reached skill level 3 in Armour
  3247 | D:6      | 3247 ||| FLEEEEING.
  3248 | D:6      | 3248 ||| FLEEEEING.
  3249 | D:6      | 3249 ||| STAIRDANCE
  3301 | D:6      | 3301 ||| STAIRDANCE
  3308 | D:6      | 3308 ||| STAIRDANCE
  3311 | D:5      | Reached skill level 12 in Ranged Weapons
  3313 | D:6      | 3313 ||| STAIRDANCE
  3377 | D:6      | 3377 ||| STAIRDANCE
  3493 | D:6      | Reached XP level 9. HP: 56/62 MP: 9/9
  3628 | D:6      | Found a staircase to the Ecumenical Temple.
  3629 | D:6      | 3629 ||| PLANNING TEMPLE
  3642 | Temple   | Entered the Ecumenical Temple
  3643 | Temple   | 3643 ||| PLANNING OKAWARU WORSHIP
  3655 | Temple   | Became a worshipper of Warmaster Okawaru
  3656 | Temple   | 3656 ||| PLANNING D:1-11
  3726 | D:6      | 3726 ||| RETREEAATING.
  3735 | D:6      | 3735 ||| FLEEEEING.
  3812 | D:6      | 3812 ||| SWAPPING to +0 orcbow.
  3813 | D:6      | 3813 ||| DROPPING +4 shortbow of electrocution.
  4131 | D:6      | 4131 ||| READING scroll labelled SIF HUONOSHYO.
  4132 | D:6      | 4132 ||| DRINKING 2 bubbling amethyst potions.
  4276 | D:7      | Noticed Duvessa
  4277 | D:7      | Noticed Dowan
  4285 | D:7      | Killed Duvessa
  4285 | D:7      | Reached * piety under Okawaru
  4294 | D:7      | Killed Dowan
  4514 | D:7      | 4514 ||| FLEEEEING.
  4521 | D:7      | 4521 ||| FLEEEEING.
  4522 | D:7      | 4522 ||| FLEEEEING.
  4523 | D:7      | 4523 ||| FLEEEEING.
  4536 | D:7      | 4536 ||| FLEEEEING.
  4537 | D:7      | 4537 ||| FLEEEEING.
  4538 | D:7      | 4538 ||| FLEEEEING.
  4539 | D:7      | 4539 ||| FLEEEEING.
  4540 | D:7      | 4540 ||| FLEEEEING.
  4541 | D:7      | 4541 ||| FLEEEEING.
  4542 | D:7      | 4542 ||| FLEEEEING.
  4543 | D:7      | 4543 ||| FLEEEEING.
  4545 | D:7      | 4545 ||| FLEEEEING.
  4546 | D:7      | 4546 ||| FLEEEEING.
  4547 | D:7      | 4547 ||| FLEEEEING.
  4548 | D:7      | 4548 ||| FLEEEEING.
  4550 | D:7      | 4550 ||| FLEEEEING.
  4551 | D:7      | 4551 ||| FLEEEEING.
  4552 | D:7      | 4552 ||| FLEEEEING.
  4553 | D:7      | 4553 ||| FLEEEEING.
  4554 | D:7      | 4554 ||| FLEEEEING.
  4555 | D:7      | 4555 ||| FLEEEEING.
  4556 | D:7      | 4556 ||| FLEEEEING.
  4557 | D:7      | 4557 ||| FLEEEEING.
  4558 | D:7      | 4558 ||| FLEEEEING.
  4559 | D:7      | 4559 ||| FLEEEEING.
  4560 | D:7      | 4560 ||| FLEEEEING.
  4561 | D:7      | 4561 ||| FLEEEEING.
  4562 | D:7      | 4562 ||| FLEEEEING.
  4563 | D:7      | 4563 ||| FLEEEEING.
  4564 | D:7      | 4564 ||| FLEEEEING.
  4565 | D:7      | 4565 ||| FLEEEEING.
  4566 | D:7      | 4566 ||| FLEEEEING.
  4567 | D:7      | 4567 ||| FLEEEEING.
  4568 | D:7      | 4568 ||| FLEEEEING.
  4569 | D:7      | 4569 ||| FLEEEEING.
  4570 | D:7      | 4570 ||| FLEEEEING.
  4571 | D:7      | 4571 ||| STAIRDANCE
  4597 | D:6      | 4597 ||| READING scroll labelled OKKODA TOOFFA.
  4641 | D:7      | Reached skill level 1 in Invocations
  4905 | D:7      | 4905 ||| Stepping ~*~*~tactically~*~*~ (retreating).
  4906 | D:7      | 4906 ||| Stepping ~*~*~tactically~*~*~ (retreating).
  4907 | D:7      | 4907 ||| Stepping ~*~*~tactically~*~*~ (retreating).
  4908 | D:7      | 4908 ||| Stepping ~*~*~tactically~*~*~ (retreating).
  4909 | D:7      | 4909 ||| Stepping ~*~*~tactically~*~*~ (retreating).
  4913 | D:7      | HP: 14/62 [wight/+4 trident of freezing (12)]
  4914 | D:7      | 4914 ||| DRINKING 2 potions of heal wounds.
  4916 | D:7      | 4916 ||| Stepping ~*~*~tactically~*~*~ (retreating).
  4932 | D:7      | HP: 10/62 [wight/+1 great sword (13)]
  4933 | D:7      | 4933 ||| DRINKING potion of heal wounds.
  4934 | D:7      | Reached ** piety under Okawaru
  4935 | D:7      | Reached skill level 13 in Ranged Weapons
  5182 | D:7      | Reached skill level 3 in Invocations
  5307 | D:7      | Found a hide-covered altar of Uskayaw.
  5509 | D:7      | 5509 ||| READING scroll labelled NIK XUEDINI.
  5537 | D:8      | Reached XP level 10. HP: 68/68 MP: 12/12
  5539 | D:8      | Identified the +9 great mace of Vaela Feq {heavy, rPois
                  | Str+5}
  5683 | D:8      | 5683 ||| Stepping ~*~*~tactically~*~*~ (cloud).
  5689 | D:8      | 5689 ||| Stepping ~*~*~tactically~*~*~ (cloud).
  5897 | D:8      | Found a runed translucent door.
  5897 | D:8      | Noticed qw's ghost (novice MiHs)
  5908 | D:8      | Reached *** piety under Okawaru
  5944 | D:8      | 5944 ||| READING scroll of enchant weapon.
  5944 | D:8      | 5944 ||| ENCHANTING +0 orcbow.
  6015 | D:8      | 6015 ||| Stepping ~*~*~tactically~*~*~ (retreating).
  6017 | D:8      | 6017 ||| Stepping ~*~*~tactically~*~*~ (retreating).
  6207 | D:8      | 6207 ||| UPGRADING to +0 steam dragon scales.
  6217 | D:8      | 6217 ||| DROPPING +0 ring mail.
  6218 | D:8      | 6218 ||| DROPPING +6 ring of intelligence.
  6219 | D:8      | 6219 ||| READING scroll labelled KYRCHO YSMIU.
  6219 | D:8      | 6219 ||| ENCHANTING +0 steam dragon scales.
  6220 | D:8      | 6220 ||| DRINKING 2 ruby potions.
  6221 | D:8      | 6221 ||| DROPPING potion of degeneration.
  6242 | D:9      | 6242 ||| STAIRDANCE
  6567 | D:9      | Found Baliklam's Demolitions Depot.
  6728 | D:9      | Noticed a two-headed ogre
  6728 | D:9      | Noticed a gargoyle
  6729 | D:9      | 6729 ||| Stepping ~*~*~tactically~*~*~ (retreating).
  6732 | D:9      | 6732 ||| Stepping ~*~*~tactically~*~*~ (retreating).
  6741 | D:9      | HP: 5/68 [two-headed ogre/+0 giant club (28)]
  6742 | D:9      | 6742 ||| READING scroll of teleportation.
  6743 | D:9      | 6743 ||| DRINKING 3 potions of heal wounds.
  6941 | D:9      | 6941 ||| Stepping ~*~*~tactically~*~*~ (retreating).
  6959 | D:9      | Reached **** piety under Okawaru
  7003 | D:9      | Killed a gargoyle
  7041 | D:9      | Found a staircase to the Lair.
  7047 | D:9      | Found Emneqiz's Antique Armour Shop.
  7055 | D:9      | 7055 ||| Stepping ~*~*~tactically~*~*~ (retreating).
  7058 | D:9      | 7058 ||| Stepping ~*~*~tactically~*~*~ (retreating).
  7061 | D:9      | 7061 ||| Stepping ~*~*~tactically~*~*~ (retreating).
  7062 | D:9      | 7062 ||| Stepping ~*~*~tactically~*~*~ (retreating).
  7063 | D:9      | 7063 ||| RETREEAATING.
  7064 | D:9      | 7064 ||| STILL RETREEAATING.
  7074 | D:9      | Killed a two-headed ogre
  7086 | D:9      | Reached ***** piety under Okawaru
  7088 | D:9      | HP: 17/68 [yak (5)]
  7089 | D:9      | 7089 ||| DRINKING 2 potions of heal wounds.
  7235 | D:9      | 7235 ||| BUYING +2 cloak of the Thief {*Fog Slay-2 SInv
                  | Stlth+} (341 gold).
  7235 | D:9      | Bought the +2 cloak of the Thief {*Fog Slay-2 SInv Stlth+}
                  | for 341 gold pieces
  7235 | D:9      | Found the +2 cloak of the Thief {*Fog Slay-2 SInv Stlth+}
  7235 | D:9      | 7235 ||| SHOPLISTING runed cloak (127 gold, have 22).
  7439 | D:9      | 7439 ||| RETREEAATING.
  7440 | D:9      | 7440 ||| Stepping ~*~*~tactically~*~*~ (retreating).
  7441 | D:9      | 7441 ||| Stepping ~*~*~tactically~*~*~ (retreating).
  7442 | D:9      | 7442 ||| Stepping ~*~*~tactically~*~*~ (retreating).
  7443 | D:9      | 7443 ||| Stepping ~*~*~tactically~*~*~ (retreating).
  7584 | D:9      | 7584 ||| PLANNING LAIR
  7584 | D:9      | 7584 ||| UPGRADING to +2 cloak of the Thief {*Fog Slay-2
                  | SInv Stlth+}.
  7589 | D:9      | 7589 ||| READING scroll labelled AFFOAF WEGOZXO.
  7739 | Lair:1   | Entered Level 1 of the Lair of Beasts
  7743 | Lair:1   | 7743 ||| RETREEAATING.
  7744 | Lair:1   | 7744 ||| Stepping ~*~*~tactically~*~*~ (retreating).
  7745 | Lair:1   | 7745 ||| Stepping ~*~*~tactically~*~*~ (retreating).
  7753 | Lair:1   | 7753 ||| Stepping ~*~*~tactically~*~*~ (retreating).
  7756 | Lair:1   | 7756 ||| INVOKING Finesse.
  7756 | Lair:1   | HP: 17/68 [yak (13)]
  7757 | Lair:1   | 7757 ||| DRINKING potion of heal wounds.
  7770 | Lair:1   | Reached XP level 11. HP: 18/72 MP: 9/15
  7785 | Lair:1   | HP: 15/72 [yak (5)]
  7790 | Lair:1   | HP: 5/72 [yak (11)]
  8021 | Lair:1   | Reached skill level 6 in Invocations
  8159 | Lair:1   | Reached skill level 14 in Ranged Weapons
  8226 | Lair:1   | Received a gift from Okawaru
  8813 | Lair:1   | 8813 ||| DRINKING 2 metallic inky potions.
  8837 | Lair:2   | 8837 ||| PLANNING GAUNTLET
  8849 | Lair:2   | 8849 ||| STAIRDANCE
  8978 | Lair:2   | Noticed a pharaoh ant
  8992 | Lair:2   | Found a hole to the Spider Nest.
  9013 | Lair:2   | Killed a pharaoh ant
  9122 | Lair:2   | You fall into a shaft and drop 1 floor!
  9244 | Lair:2   | 9244 ||| RETREEAATING.
  9245 | Lair:2   | 9245 ||| Stepping ~*~*~tactically~*~*~ (retreating).
  9246 | Lair:2   | 9246 ||| Stepping ~*~*~tactically~*~*~ (retreating).
  9247 | Lair:2   | 9247 ||| Stepping ~*~*~tactically~*~*~ (retreating).
  9248 | Lair:2   | 9248 ||| Stepping ~*~*~tactically~*~*~ (retreating).
  9249 | Lair:2   | 9249 ||| STILL RETREEAATING.
  9250 | Lair:2   | 9250 ||| Stepping ~*~*~tactically~*~*~ (retreating).
  9251 | Lair:2   | 9251 ||| Stepping ~*~*~tactically~*~*~ (retreating).
  9252 | Lair:2   | 9252 ||| Stepping ~*~*~tactically~*~*~ (retreating).
  9253 | Lair:2   | 9253 ||| INVOKING Finesse.
  9266 | Lair:2   | 9266 ||| Stepping ~*~*~tactically~*~*~ (retreating).
  9292 | Lair:2   | 9292 ||| Stepping ~*~*~tactically~*~*~ (retreating).
  9294 | Lair:2   | HP: 17/72 [cane toad (15)]
  9297 | Lair:2   | 9297 ||| Stepping ~*~*~tactically~*~*~ (retreating).
  9297 | Lair:2   | Slain by a cane toad

Levels and vault maps discovered:
D:1:      co_arrival_square_in_a_square_in_a_square, layout_basic,
          hellmonk_ecumenical_altar_heavens_door
D:2:      layout_loops_cross, basic_altar, uniq_terence
D:3:      layout_basic, mainiacjoe_overflow_cross_hatched, uniq_grinder
D:4:      minmay_wonky_spiral, layout_cave_pods, serial_shops,
          nicolae_shop_back_alley_shop
D:5:      layout_rooms, uniq_prince_ribbit1
D:6:      hangedman_cross_stitches, layout_loops_ring,
          minmay_temple_entry_large_hall
D:7:      layout_loops_corners, nicolae_uskayaw_dance_studio, uniq_duvessa
D:8:      layout_cave_pools, gammafunk_ghost_grave
D:9:      layout_loops_ring, lair_entry_dummy, serial_shops, shop,
          nicolae_blasting_shop, minmay_unpleasant_kobolds
Temple:   nicolae_temple_bog_church
Lair:1:   layout_misc_corridors, nicolae_volcano_entry_s_turn
Lair:2:   layout_loops_ring, minmay_shoals_entry_hut,
          nicolae_spider_entry_lesser_pyramids, gauntlet_entry_generic,
          disabler_island
Lair:3:   layout_roguey, grunt_megastairs_5

Skill      XL: |  1  2  3  4  5  6  7  8  9 10 11 |
---------------+----------------------------------+-----
Armour         | 2 3 4 |  4.1
Ranged Weapons | 11 12 13 14 | 14.2
Fighting       | 10 | 10.2
Dodging        | 2 3 4 5 |  5.0
Invocations    | 3 5 7 |  7.9
Stealth        | |  1.1

Action                     |  1- 3 |  4- 6 |  7- 9 | 10-12 || total
---------------------------+-------+-------+-------+-------++-------
   Fire: Shortbow          |    62 |    32 |   205 |       ||   299
         Orcbow            |       |       |   124 |   493 ||   617
 Invoke: Finesse           |       |       |       |     2 ||     2
    Use: Scroll            |     3 |       |    17 |     4 ||    24
         Potion            |     1 |     1 |     4 |     5 ||    11
 Armour: Leather armour    |    13 |       |       |       ||    13
         Ring mail         |     1 |     1 |   103 |    47 ||   152
         Steam dragon scal |       |       |       |   229 ||   229
  Dodge: Dodged            |    21 |     2 |    70 |   297 ||   390

Table legend:
 A = Non-vault XP
 B = Vault XP
 C = Vault XP percentage of total XP
 D = Non-vault monster count
 E = Vault monster count
 F = Vault count percentage of total count
                 A         B        C        D         E       F
            +---------+---------+-------+---------+---------+-------
      Total |   11583 |    2995 |  20.5 |     169 |      35 |  17.2
            +---------+---------+-------+---------+---------+-------
        D:1 |      24 |       0 |   0.0 |      14 |       0 |   0.0
        D:2 |      22 |      36 |  62.1 |      14 |       1 |   6.7
        D:3 |      72 |     281 |  79.6 |      21 |       1 |   4.5
        D:4 |     130 |      28 |  17.7 |      15 |       3 |  16.7
        D:5 |     703 |     472 |  40.2 |      17 |       5 |  22.7
        D:6 |     659 |     457 |  40.9 |      12 |       6 |  33.3
        D:7 |    1158 |     317 |  21.5 |      17 |       9 |  34.6
        D:8 |    1359 |       0 |   0.0 |      18 |       0 |   0.0
        D:9 |    2987 |     210 |   6.6 |      22 |       6 |  21.4
     Lair:1 |    2607 |       0 |   0.0 |       9 |       0 |   0.0
     Lair:2 |    1311 |    1194 |  47.7 |       8 |       4 |  33.3
     Lair:3 |     551 |       0 |   0.0 |       2 |       0 |   0.0
            +---------+---------+-------+---------+---------+-------
